Map: Dusk Towers

Players

Trizztein

  • Race: Terran Terran
  • League: Platinum

ignorant - Winner!

  • Race: Zerg Zerg
  • League: Diamond

VOD

Have the link to the VOD?

Description

Time

  • Played on: Jan. 4, 2016, 12:39 p.m.
  • Length: 10:10
Show
View Real Time Build Order
Export as new Build Order

Trizztein Terran 

Build Orders: Reaper Expand, Mech 

Get SALT Encoding   

  12  0:00  SCV  
  13  0:13  SCV  
  14  0:18  Supply Depot  
  14  0:25  SCV  
  15  0:39  SCV  
  15  0:42  Barracks  
  16  0:46  Refinery  
  16  0:51  SCV  
  17  1:03  SCV  
  18  1:16  SCV  
  19  1:28  Orbital Command  
  19  1:29  Reaper  
  20  1:44  Command Center  
  20  1:55  Supply Depot  
  20  2:01  Marine  
  21  2:02  SCV  
  22  2:14  SCV, Factory  
  23  2:24  Barracks Reactor, Refinery  
  23  2:26  SCV  
  24  2:39  SCV  
  25  2:51  SCV  
  26  3:04  Orbital Command  
  26  3:05  Starport  
  25  3:24  SCV  
  26  3:34  SCV  
  27  3:37  SCV  
  27  3:38  Hellion x2  
  32  3:42  Starport Tech Lab  
  32  3:45  Barracks Tech Lab  
  32  3:46  SCV  
  33  3:49  SCV  
  34  3:58  SCV  
  34  3:59  Supply Depot  
  34  4:00  Hellion x2  
  34  4:01  SCV, Cloaking Field, Banshee  
  43  4:10  SCV  
  43  4:13  SCV  
  43  4:16  Supply Depot  
  45  4:21  Hellion  
  45  4:22  SCV  
  48  4:25  SCV  
  48  4:29  Supply Depot  
  49  4:34  SCV  
  49  4:36  Command Center  
  50  4:39  SCV, Refinery x2  
  51  4:48  Supply Depot  
  42  5:18  Banshee, Supply Depot  
  42  5:19  Widow Mine  
  42  5:20  Hellion  
  46  5:37  SCV x2  
  48  5:44  Factory x2  
  48  5:47  Armory  
  48  5:49  SCV, Orbital Command  
  50  5:50  Armory, Engineering Bay, SCV  
  50  5:51  Widow Mine  
  50  5:52  Hellion  
  54  6:02  SCV  
  54  6:03  SCV  
  56  6:07  Barracks Reactor  
  59  6:14  SCV  
  59  6:15  SCV  
  58  6:26  Starport Reactor  
  58  6:27  Orbital Command  
  58  6:28  SCV x2  
  60  6:43  Terran Vehicle And Ship Armor Level 1, Terran Vehicle Weapons Level 1  
  60  6:45  Siege Tank  
  60  6:46  Hellion, Siege Tank  
  60  6:47  Hellion  
  70  6:53  SCV x2  
  72  6:56  SCV, Liberator x2  
  73  7:05  SCV x2  
  73  7:07  Widow Mine  
  73  7:08  SCV, Hellion  
  79  7:09  Supply Depot  
  79  7:10  Supply Depot  
  79  7:15  Refinery  
  86  7:16  Barracks Tech Lab  
  86  7:17  SCV x2, Siege Tank  
  86  7:19  Refinery  
  86  7:20  Siege Tank  
  94  7:23  SCV  
  94  7:29  SCV x2, Hellion  
  99  7:35  Sensor Tower  
  99  7:42  SCV x2  
  99  7:43  SCV  
  102  7:45  Hellion, Liberator  
  102  7:49  Factory, Siege Tank  
  107  7:51  Factory  
  107  7:52  Supply Depot  
  107  7:53  Supply Depot x2  
  107  7:54  SCV x2  
  107  7:55  SCV  
  113  8:18  Supply Depot  
  113  8:20  Supply Depot, Liberator  
  113  8:21  Supply Depot  
  113  8:22  Hellion x3, Siege Tank  
  122  8:40  SCV  
  126  8:44  Siege Tank  
  126  8:45  Medivac  
  131  8:50  SCV x2  
  131  8:53  SCV  
  134  8:59  Hellion x2  
  134  9:02  SCV  
  139  9:05  Supply Depot  
  139  9:07  Command Center, Supply Depot  
  141  9:10  Hellion  
  141  9:11  Command Center  
  141  9:14  Medivac  
  141  9:16  Hellion  
  145  9:23  SCV  
  145  9:24  SCV, Factory  
  147  9:26  Hellion x2  
  147  9:30  Barracks Reactor  
  148  9:35  SCV  
  148  9:36  SCV  
Show
View Real Time Build Order
Export as new Build Order

ignorant Zerg - Winner!

Build Orders: Pool First 

Get SALT Encoding   

  12  0:01  Drone  
  13  0:10  Drone  
  14  0:17  Overlord  
  14  0:29  Extractor  
  14  0:31  Drone x2, Extractor  
  16  0:37  Drone  
  17  0:52  Drone  
  18  1:03  Drone, Spawning Pool  
  18  1:17  Hatchery  
  17  1:20  Drone  
  17  1:21  Drone  
  19  1:28  Drone  
  19  1:32  Extractor  
  19  1:38  Overlord  
  19  1:49  Queen  
  19  1:50  Zergling x2  
  22  2:01  Drone  
  23  2:14  Drone  
  24  2:25  Queen  
  24  2:27  Hatchery  
  25  2:43  Drone x5  
  29  2:51  Queen  
  29  2:56  Metabolic Boost  
  31  3:06  Drone x3  
  33  3:18  Drone x2  
  33  3:19  Overlord  
  35  3:42  Drone  
  35  3:43  Drone x7  
  43  3:51  Lair, Drone  
  43  3:52  Drone, Roach Warren  
  44  4:02  Extractor  
  43  4:03  Spine Crawler  
  43  4:04  Extractor  
  43  4:07  Drone x5  
  46  4:11  Spore Crawler  
  45  4:18  Spore Crawler  
  45  4:20  Spore Crawler  
  43  4:24  Spore Crawler  
  42  4:32  Queen x2  
  42  4:33  Drone  
  42  4:34  Drone x2  
  47  4:55  Overlord x2  
  47  4:56  Overlord  
  41  5:13  Drone x7  
  41  5:14  Drone x7  
  51  5:30  Overseer  
  51  5:42  Drone x5  
  56  5:43  Drone x4  
  56  5:48  Extractor  
  59  5:52  Glial Reconstitution, Extractor  
  59  5:56  Spire, Extractor  
  56  6:06  Queen x2  
  56  6:08  Overseer  
  56  6:09  Drone  
  56  6:10  Drone x2  
  63  6:29  Overlord x2  
  63  6:30  Drone x7  
  63  6:31  Drone  
  71  6:57  Drone x2  
  71  6:58  Drone x6  
  71  6:59  Overlord x4  
  79  7:26  Hatchery  
  78  7:47  Infestation Pit  
  78  7:48  Evolution Chamber  
  78  7:49  Evolution Chamber  
  75  7:52  Baneling Nest  
  75  7:58  Overlord x4  
  74  8:00  Overseer  
  74  8:25  Hive, Hydralisk Den  
  74  8:26  Hatchery  
  74  8:27  Mutalisk x8  
  72  8:28  Mutalisk x8  
  72  8:29  Mutalisk x2  
  72  8:31  Mutalisk  
  110  8:48  Drone x5  
  112  8:49  Drone x3  
  118  9:12  Drone x2  
  118  9:13  Drone x7  
  127  9:52  Drone x4  
  129  9:53  Drone x8  
  129  9:54  Drone x6  
Tags
 
Add a new tag
Caveats
  • Supply blocks, unpowered buildings, or Contaminate may cause inaccurate times.
  • Supply counts are checked every 10 seconds.